Map: Acolyte LE

Players

PureLegacy - Winner!

  • Race: Terran Terran
  • League: Grandmaster
  • Spawn Location: 1:00

SvetlanaBae

  • Race: Protoss Protoss
  • League: Grandmaster
  • Spawn Location: 7:00

VOD

Have the link to the VOD?

Description

Time

  • Played on: Oct. 19, 2017, 12:09 p.m.
  • Length: 9:28
Show
View Real Time Build Order
Export as new Build Order

PureLegacy Terran - Winner!

Build Orders: Reaper Expand, MMM Bio 

Get SALT Encoding   

  12  0:02  SCV  
  13  0:14  SCV  
  13  0:19  Supply Depot  
  14  0:26  SCV  
  15  0:31  Refinery  
  15  0:41  SCV  
  16  0:45  Barracks  
  16  0:53  SCV  
  17  1:05  SCV  
  18  1:17  SCV  
  19  1:35  Orbital Command, Reaper  
  20  1:46  Command Center  
  20  1:58  Factory  
  20  2:02  SCV  
  21  2:11  Barracks Reactor  
  21  2:13  Supply Depot  
  21  2:16  SCV  
  21  2:18  Refinery  
  22  2:28  SCV  
  23  2:40  SCV  
  24  2:48  Marine x2  
  24  2:49  Starport, Widow Mine  
  28  2:52  SCV  
  29  3:00  Orbital Command  
  29  3:05  Marine, SCV  
  30  3:06  Marine  
  32  3:17  SCV  
  33  3:20  Factory Tech Lab  
  33  3:23  Marine x2  
  33  3:26  SCV  
  36  3:27  Medivac  
  38  3:36  SCV  
  38  3:38  SCV  
  38  3:39  Supply Depot  
  40  3:41  Marine x2  
  40  3:48  Supply Depot, SCV  
  42  3:50  SCV  
  42  3:51  Widow Mine  
  46  4:03  SCV x2  
  46  4:08  Raven  
  46  4:09  Marine x2  
  52  4:15  SCV x2  
  54  4:22  Command Center  
  54  4:27  SCV x2  
  54  4:39  SCV  
  54  4:42  SCV  
  56  4:46  Engineering Bay  
  56  4:47  Engineering Bay, Barracks  
  56  4:50  Barracks, Factory Reactor  
  56  4:51  SCV  
  51  5:07  SCV  
  51  5:08  SCV  
  51  5:10  Marauder, Stimpack  
  53  5:14  Barracks x2  
  53  5:15  Refinery  
  53  5:16  Terran Infantry Armor Level 1, Terran Infantry Weapons Level 1  
  53  5:17  Refinery  
  53  5:20  Starport Reactor, SCV  
  54  5:36  SCV x2  
  54  5:37  Orbital Command  
  54  5:40  Marine x2  
  54  5:41  Marauder  
  60  5:48  SCV  
  60  5:49  Marine x2, SCV  
  64  5:50  Supply Depot  
  64  5:58  Marine x2  
  64  6:00  Medivac x2  
  64  6:01  SCV x2  
  64  6:02  Marine  
  64  6:03  SCV  
  74  6:04  Barracks Tech Lab x2  
  74  6:07  Supply Depot  
  74  6:08  Marine x2  
  76  6:13  SCV x2  
  76  6:15  SCV  
  79  6:20  Command Center  
  79  6:21  Marauder  
  79  6:25  SCV  
  82  6:26  Marauder, SCV  
  82  6:29  Marauder, Combat Shields  
  82  6:30  Concussive Shells  
  87  6:34  SCV  
  87  6:37  Supply Depot, SCV  
  88  6:49  Marauder x2  
  88  6:50  SCV  
  93  6:54  Supply Depot, Barracks  
  93  6:58  Marine x3, Barracks x2, SCV  
  93  6:59  SCV  
  98  7:01  Medivac  
  98  7:08  Supply Depot, SCV  
  101  7:10  Medivac  
  101  7:11  Marauder  
  105  7:16  SCV  
  105  7:17  SCV  
  105  7:19  Marine, Supply Depot  
  105  7:20  Marine, Supply Depot  
  105  7:21  Marine x2, Armory  
  111  7:25  SCV  
  111  7:28  Marauder, SCV  
  111  7:29  Marauder  
  117  7:34  Marauder  
  119  7:41  Marine x4  
  119  7:42  Barracks Reactor  
  119  7:43  Orbital Command  
  123  7:44  SCV x2  
  123  7:47  Barracks Reactor x2  
  123  7:49  Marauder  
  127  7:58  Marauder x2  
  131  8:00  Marine  
  131  8:01  Marine x2  
  131  8:02  Marine  
  131  8:03  Supply Depot, SCV x2  
  131  8:04  Refinery x2, SCV  
  131  8:05  Supply Depot  
  138  8:12  SCV, Supply Depot  
  139  8:15  SCV  
  139  8:31  Medivac x2  
  143  8:39  Marine x2  
  143  8:40  Marine x3, Marauder x3  
  149  8:45  Marine  
  149  8:47  SCV x3  
  153  8:56  Orbital Command, Missile Turret  
  153  8:57  Missile Turret x3  
  153  8:59  Marine x5  
  153  9:01  Marine, Marauder  
  153  9:02  Marauder x2  
Show
View Real Time Build Order
Export as new Build Order

SvetlanaBae Protoss 

Build Orders: 1 Gate Expand, Blink Stalkers 

Get SALT Encoding   

  12  0:01  Probe (Chrono Boost)  
  13  0:11  Probe (Chrono Boost)  
  14  0:17  Pylon  
  14  0:22  Probe (Chrono Boost)  
  15  0:36  Gateway  
  15  0:39  Probe (Chrono Boost)  
  16  0:47  Assimilator  
  17  0:50  Probe (Chrono Boost)  
  17  1:00  Probe (Chrono Boost)  
  18  1:11  Probe (Chrono Boost)  
  19  1:21  Probe (Chrono Boost)  
  19  1:25  Cybernetics Core  
  20  1:35  Nexus  
  20  1:40  Pylon  
  20  1:43  Probe (Chrono Boost)  
  21  1:50  Assimilator  
  21  1:54  Probe (Chrono Boost)  
  22  2:02  Stalker (Chrono Boost)  
  22  2:04  Warp Gate  
  22  2:06  Probe  
  25  2:18  Probe (Chrono Boost)  
  25  2:22  Twilight Council  
  26  2:29  Probe (Chrono Boost)  
  27  2:32  Stalker  
  29  2:40  Probe (Chrono Boost)  
  30  2:47  Probe (Chrono Boost)  
  30  2:50  Probe (Chrono Boost)  
  31  2:52  Blink  
  31  2:57  Probe (Chrono Boost)  
  32  3:01  Probe (Chrono Boost)  
  32  3:04  Pylon  
  33  3:08  Probe (Chrono Boost)  
  33  3:11  Probe (Chrono Boost)  
  35  3:18  Probe (Chrono Boost)  
  35  3:19  Robotics Facility  
  36  3:22  Probe (Chrono Boost)  
  37  3:29  Probe (Chrono Boost)  
  37  3:30  Assimilator  
  37  3:33  Probe (Chrono Boost)  
  39  3:39  Probe (Chrono Boost)  
  40  3:42  Pylon  
  40  3:44  Mothership Core (Chrono Boost)  
  42  3:50  Probe (Chrono Boost)  
  43  4:00  Probe (Chrono Boost)  
  43  4:02  Gateway, Probe (Chrono Boost)  
  45  4:04  Gateway  
  45  4:08  Observer (Chrono Boost)  
  46  4:11  Probe  
  46  4:13  Probe  
  46  4:14  Pylon  
  46  4:15  Stalker  
  50  4:23  Probe  
  51  4:25  Probe  
  51  4:27  Observer (Chrono Boost)  
  53  4:35  Probe  
  54  4:42  Nexus  
  54  4:43  Pylon  
  54  4:45  Pylon  
  52  4:48  Observer (Chrono Boost)  
  52  4:51  Stalker  
  54  5:03  Probe (Chrono Boost)  
  54  5:05  Charge, Probe (Chrono Boost)  
  52  5:15  Probe (Chrono Boost), Observer  
  52  5:16  Forge  
  52  5:17  Forge  
  52  5:19  Probe (Chrono Boost)  
  55  5:26  Probe (Chrono Boost)  
  55  5:27  Sentry, Zealot x2  
  62  5:31  Probe (Chrono Boost)  
  62  5:32  Pylon  
  63  5:36  Probe (Chrono Boost)  
  65  5:43  Probe (Chrono Boost)  
  65  5:44  Pylon  
  65  5:47  Probe (Chrono Boost)  
  66  5:51  Gateway  
  66  5:53  Gateway  
  66  5:54  Gateway  
  66  5:55  Probe (Chrono Boost)  
  66  5:56  Protoss Ground Weapons Level 1 (Chrono Boost)  
  67  5:58  Protoss Ground Armor Level 1 (Chrono Boost), Probe (Chrono Boost)  
  67  6:00  Stalker  
  70  6:07  Probe  
  70  6:08  Probe  
  70  6:10  Probe  
  73  6:14  Zealot  
  73  6:16  Zealot  
  73  6:17  Probe  
  77  6:20  Probe  
  77  6:24  Stalker  
  81  6:27  Probe  
  81  6:28  Probe  
  82  6:37  Probe  
  82  6:39  Probe  
  84  6:40  Gateway  
  84  6:42  Gateway, Probe  
  84  6:44  Pylon  
  85  6:49  Probe  
  85  6:51  Probe  
  85  6:52  Immortal (Chrono Boost)  
  91  6:58  Pylon  
  91  6:59  Zealot x2  
  91  7:00  Pylon, Zealot  
  97  7:03  Pylon x2  
  97  7:04  Probe  
  98  7:18  Gateway  
  98  7:19  Zealot x2  
  98  7:20  Gateway  
  102  7:24  Zealot x3  
  102  7:25  Zealot  
  110  7:33  Nexus  
  110  7:37  Pylon  
  110  7:38  Probe x2  
  110  7:40  Pylon  
  112  7:47  Stalker  
  112  7:50  Zealot  
  116  7:53  Assimilator  
  116  7:56  Assimilator x2  
  116  7:57  Mothership Core  
  118  7:59  Robotics Bay  
  118  8:00  Probe  
  118  8:04  Probe  
  120  8:11  Zealot x4  
  128  8:18  Stalker  
  128  8:19  Stalker  
  132  8:26  Photon Cannon  
  127  8:27  Probe  
  127  8:28  Photon Cannon  
  115  8:42  Stalker x2  
  115  8:43  Stalker  
  115  8:44  Zealot  
  118  8:59  Probe  
  118  9:00  Probe x2  
  121  9:10  Probe  
  121  9:12  Probe  
  121  9:13  Probe  
  130  9:17  Stalker  
  130  9:21  Zealot  
Tags
 
Add a new tag
Caveats
  • Supply blocks, unpowered buildings, or Contaminate may cause inaccurate times.
  • Supply counts are checked every 10 seconds.